 Dungeon Crawl Stone Soup version 0.31.0-11-ge490571c62 (webtiles) character file.

Game seed: 486423054134082581

5488 stipulation the Artisan of Death (level 10, -6/44 (49) HPs)
             Began as a Vine Stalker Necromancer on Jan 27, 2024.
             Was a Priest of Kikubaaqudgha.
             Mangled by a warg (10 damage)
             ... on level 9 of the Dungeon.
             The game lasted 00:26:31 (12272 turns).

stipulation the Artisan of Death (VSNe)            Turns: 12272, Time: 00:26:32

HP:   -6/44 (49)    AC:  9    Str: 10    XL:     10   Next: 69%
MP:   0/25          EV: 12    Int: 19    God:    Kikubaaqudgha [***...]
Gold: 115           SH:  0    Dex: 16    Spells: 19/29 levels left

rFire   + . .        (no weapon)
rCold   + . .        (no shield)
rNeg    . . .        u - +2 robe {rF+}
rPois   .            (no helmet)
rElec   .            y - +0 cloak
rCorr   .            v - +1 pair of gloves
SInv    .            h - +1 pair of boots
Will    +....        j - amulet of regeneration
Stlth   ++           e - ring of protection from cold
HPRegen 1.87/turn    d - ring of wizardry
MPRegen 0.19/turn

%: guardian spirit, wizardry (x1)
@: animating dead, heavily drained
A: fangs 3, regeneration 1, magic shield, antimagic bite, no potion heal 2
a: Renounce Religion, Unearth Wretches


You were on level 9 of the Dungeon.
You worshipped Kikubaaqudgha.
Kikubaaqudgha was most pleased with you.
You visited 2 branches of the dungeon, and saw 10 of its levels.

You collected 473 gold pieces.
You spent 358 gold pieces at shops.

Inventory:

Missiles
 i - 2 throwing nets
Armour
 g - a +0 pair of boots
 h - a +1 pair of boots (worn)
 u - a +2 robe of fire resistance (worn)
 v - a +1 pair of gloves (worn)
 y - a +0 cloak (worn)
 E - a +3 leather armour of willpower
Jewellery
 d - a ring of wizardry (right hand)
 e - a ring of protection from cold (left hand)
 j - an amulet of regeneration (around neck)
 w - a ring of fire
 N - a +6 ring of dexterity
 O - an amulet of magic regeneration
 R - an amulet of reflection
 S - a +6 ring of strength
Wands
 A - a wand of light (8)
 D - a wand of flame (44)
 F - a wand of iceblast (7)
 Q - a wand of paralysis (10)
Scrolls
 a - a scroll of enchant armour
 k - a scroll of revelation
 m - 2 scrolls of enchant weapon
 n - a scroll of immolation {unknown}
 o - a scroll of silence
 s - a scroll of amnesia
 z - 5 scrolls of teleportation
 B - 2 scrolls of brand weapon
 C - 4 scrolls of poison
 G - 2 scrolls of butterflies
 H - 2 scrolls of fear
 I - a scroll of acquirement
 K - 4 scrolls of blinking
 L - a scroll of fog
 M - a scroll of vulnerability {unknown}
 T - 3 scrolls of noise {unknown}
Potions
 b - 2 potions of magic
 c - 4 potions of curing
 f - 3 potions of lignification {unknown}
 l - 4 potions of degeneration {unknown}
 p - a potion of mutation {unknown}
 q - a potion of berserk rage {unknown}
 r - 3 potions of brilliance {unknown}
 t - a potion of enlightenment {unknown}
 x - a potion of haste {unknown}
 J - 2 potions of attraction {unknown}
 P - a potion of resistance {unknown}


   Skills:
 + Level 3.8 Fighting
 - Level 1.6 Dodging
 - Level 2.4 Stealth
 + Level 10.2 Spellcasting
 + Level 10.6 Necromancy
 + Level 5.0 Evocations


You had 19 spell levels left.
You knew the following spells:

 Your Spells              Type           Power      Damage    Failure   Level
a - Necrotise             Necr           100%       1d9       1%          1
b - Vampiric Draining     Necr           49%        2d9       1%          3
c - Animate Dead          Necr           49%        N/A       1%          4
d - Cigotuvi's Dreadful   Necr/Alch/Air  46%        N/A       1%          2

Your spell library contained the following spells:

 Spells                   Type           Power      Damage    Failure   Level
 Kiss of Death            Conj/Necr      100%       2d13      1%          1
 Fugue of the Fallen      Necr           49%        N/A       1%          3
 Dispel Undead            Necr           49%        3d18      1%          4
 Curse of Agony           Necr           49%        N/A       1%          5
 Foxfire                  Conj/Fire      36%        2x1d5     3%          1
 Anguish                  Hex/Necr       14%        N/A       3%          4
 Martyr's Knell           Necr/Summ      29%        N/A       3%          4
 Ozocubu's Armour         Ice            9%         N/A       9%          3
 Borgnjor's Vile Clutch   Necr/Erth      14%        N/A       9%          5
 Metabolic Englaciation   Hex/Ice        4%         N/A       58%         5
 Plasma Beam              Fire/Air       4%         2x1d14    98%         6
 Sculpt Simulacrum        Ice/Alch       4%         N/A       98%         6
 Starburst                Conj/Fire      4%         6d4       98%         6


Dungeon Overview and Level Annotations

Branches:
Dungeon (9/15)             Temple (1/1) D:4            Lair (0/5) D:9
    Orc: D:9-12

Altars:
Ashenzari
Cheibriados
Elyvilon
Fedhas
Hepliaklqana
Kikubaaqudgha
Makhleb
Nemelex Xobeh
Ru
Sif Muna
Trog
Uskayaw
Vehumet
Wu Jian
Yredelemnul
Zin
The Shining One

Shops:
D:3 [   D:7 (?

Annotations:
D:2 1 runed translucent door, Crazy Yiuf
D:4 exclusion: oklob plant
D:6 Dowan, Duvessa
Temple 4 transporters


Innate Abilities, Weirdness & Mutations

You have razor-sharp teeth.
Your natural rate of healing is unusually fast.
When hurt, damage is shared between your health and your magic reserves.
Your bite disrupts and absorbs the magic of your enemies.
Potions cannot restore your health.


Message History

There is a stone staircase leading up here.
There is a stone staircase leading down here.
You climb downwards.
You hear the roar of battle.
There is an entrance to a bailey on this level.
Hurry and find it before the portal closes forever!
You hear the loud creaking of a very distant portcullis.
The warg closely misses you. The wolf bites you but does no damage.
The wolf closely misses you. The warg barely misses you.
The wolf completely misses you. The wolf misses you.
There is a stone staircase leading up here.
Casting: Cigotuvi's Dreadful Rot (safe; 1% risk of failure)
Confirm with . or Enter, or press ? or * to list all spells.
You call upon the dead to rise.
The wolf barely misses you. The warg bites you!! The wolf closely misses you.
The warg bites you! The wolf bites you but does no damage. The wolf misses you.
Casting: Animate Dead (safe; 1% risk of failure)
Confirm with . or Enter, or press ? or * to list all spells.
Aiming: Vampiric Draining (safe; 1% risk of failure)
Press: ? - help, Shift-Dir - straight line, f - wolf
Aim: a wolf You draw life force from the wolf!
You feel life coursing into your body. The wolf closely misses you.
The wolf bites you! The warg closely misses you.
The orc priest calls down the wrath of Beogh upon you.
Beogh smites you! The wolf barely misses you. The wolf closely misses you.
Casting: Vampiric Draining (safe; 1% risk of failure)
Confirm with . or Enter, or press ? or * to list all spells.
Aiming: Vampiric Draining (safe; 1% risk of failure)
Press: ? - help, Shift-Dir - straight line, f/p - wolf
Aim: a wolf (heavily wounded)
You draw life force from the wolf!
You kill the wolf!
Kikubaaqudgha accepts your kill.
You feel life coursing into your body. The warg bites you!
* * * LOW HITPOINT WARNING * * *
The wolf bites you but does no damage. The warg barely misses you.
The wolf bites you.
* * * LOW HITPOINT WARNING * * *
The warg bites you!
You die...
Kikubaaqudgha rasps: "You have failed me!
Welcome... death!"

###### # .......##### #
...........## #
.........h@h## #
.............#
..........o..#
............##
.............######
.........##.......######
......oo########.......####
.#......# #####.......
######.## ########


You could see a warg, a wolf, 2 orc priests and an orc.

Vanquished Creatures
  Pikel (D:5)
  A hornet (D:9)
  2 trolls
  Eustachio (D:5)
  An acid dragon (D:9)
  A water moccasin (D:5)
  3 sky beasts
  4 orc warriors
  A black bear (D:4)
  2 ice beasts
  3 ogres
  A wolf (D:9)
  A centaur (D:8)
  3 phantoms
  2 kobold brigands
  4 bullfrogs
  2 scorpions
  A burial acolyte (D:5)
  A wight (D:7)
  14 killer bees (D:8)
  2 howler monkeys (D:8)
  A bombardier beetle (D:6)
  4 hounds
  3 orc priests
  A jelly (D:8)
  A sleepcap (D:4)
  2 iguanas
  8 orc wizards
  Ijyb (D:5)
  9 adders
  10 gnolls
  2 shadow imps (D:5)
  3 white imps
  3 adder zombies (D:5)
  3 dart slugs
  A ribbon worm (D:2)
  31 orcs
  5 bats
  12 endoplasms
  A giant cockroach (D:1)
  A gnoll zombie (D:5)
  8 goblins
  11 hobgoblins
  3 quokkas
  3 ball pythons
  3 frilled lizards
  20 kobolds
  3 kobold zombies (D:5)
  2 rats
206 creatures vanquished.

Vanquished Creatures (collateral kills)
  A kobold brigand (D:8)
  3 killer bees (D:8)
  A sleepcap (D:4)
  2 orcs (D:6)
  A goblin (D:4)
  2 kobolds
10 creatures vanquished.

Vanquished Creatures (others)
  3 killer bee zombies (D:8)
  A howler monkey zombie (D:8)
  6 kobold zombies
  An orc zombie (D:9)
11 creatures vanquished.

Grand Total: 227 creatures vanquished

Notes
Turn   | Place    | Note
-------+----------+-------------------------------------------
     0 | D:1      | stipulation the Vine Stalker Necromancer began the quest
                  | for the Orb.
     0 | D:1      | Reached XP level 1. HP: 9/9 MP: 4/4
   414 | D:1      | Reached XP level 2. HP: 10/13 MP: 0/6
  1729 | D:2      | Reached XP level 3. HP: 16/16 MP: 4/8
  1885 | D:1      | Learned a level 3 spell: Vampiric Draining
  2288 | D:2      | Reached XP level 4. HP: 10/21 MP: 0/10
  2433 | D:2      | Found a runed translucent door.
  2434 | D:2      | Noticed Crazy Yiuf
  3027 | D:3      | Learned a level 4 spell: Animate Dead
  3167 | D:3      | Reached skill level 5 in Necromancy
  3260 | D:3      | Reached XP level 5. HP: 24/24 MP: 7/11
  3366 | D:3      | Found a glowing golden altar of the Shining One.
  3366 | D:3      | Found a sparkling altar of Nemelex Xobeh.
  3531 | D:3      | Found a faded altar of an unknown god.
  3637 | D:3      | Found Hyzyah's Antique Armour Emporium.
  3648 | D:3      | Bought an embroidered robe for 96 gold pieces
  4359 | D:4      | Found a staircase to the Ecumenical Temple.
  4410 | Temple   | Found a transporter.
  4410 | Temple   | Found a transporter.
  4410 | Temple   | Found a transporter.
  4410 | Temple   | Found a transporter.
  4410 | Temple   | Entered the Ecumenical Temple
  4503 | D:4      | Reached XP level 6. HP: 28/28 MP: 4/14
  4623 | D:4      | Found a white marble altar of Elyvilon.
  4770 | D:4      | Noticed a black bear
  5061 | D:4      | Reached skill level 5 in Spellcasting
  5216 | D:4      | Found a blossoming altar of Fedhas.
  5236 | D:4      | Noticed an oklob plant
  5328 | D:4      | Killed a black bear
  5329 | D:4      | Reached XP level 7. HP: 32/32 MP: 4/16
  5555 | D:5      | Entered Level 5 of the Dungeon
  5775 | D:5      | Noticed a +0 dagger
  5784 | D:5      | Reached skill level 1 in Evocations
  6059 | D:5      | Found a hide-covered altar of Uskayaw.
  6061 | D:5      | Noticed a +0 dagger
  6117 | D:5      | Noticed Eustachio
  6373 | D:5      | Noticed Ijyb
  6377 | D:5      | Killed Ijyb
  6461 | D:5      | Killed Eustachio
  6462 | D:5      | Gained mutation: You have razor-sharp teeth. [Vine Stalker
                  | growth]
  6462 | D:5      | Reached XP level 8. HP: 36/36 MP: 1/18
  6680 | D:5      | Noticed a troll
  6698 | D:5      | Killed a troll
  7179 | D:5      | Found an ancient bone altar of Kikubaaqudgha.
  7227 | D:5      | Became a worshipper of Kikubaaqudgha
  7447 | D:6      | Noticed Duvessa
  7447 | D:6      | Noticed Dowan
  7692 | D:6      | Reached XP level 9. HP: 26/39 MP: 3/22
  8106 | D:6      | Found a radiant altar of Vehumet.
  8303 | D:6      | Noticed Pikel
  8397 | D:5      | Killed Pikel
  8666 | D:6      | Reached * piety under Kikubaaqudgha
  8666 | D:6      | Received a gift from Kikubaaqudgha
  8667 | D:6      | Found a bloodstained altar of Trog.
  8913 | D:7      | Found Nyumi's Magic Scroll Emporium.
  8960 | D:7      | Found a burning altar of Makhleb.
  9076 | D:7      | Bought a scroll of blinking for 112 gold pieces
  9076 | D:7      | Bought a scroll of fog for 60 gold pieces
  9076 | D:7      | Bought a scroll of butterflies for 60 gold pieces
  9076 | D:7      | Bought a scroll of identify for 30 gold pieces
  9379 | D:7      | Found Jyruhaa's Hydra Hut.
  9383 | D:7      | Noticed a five-headed hydra
  9416 | D:7      | Reached skill level 1 in Fighting
 10071 | D:8      | Reached XP level 10. HP: 41/43 MP: 11/24
 10213 | D:8      | Learned a level 2 spell: Cigotuvi's Dreadful Rot
 10215 | D:8      | Identified a scroll of acquirement
 10280 | D:7      | Reached ** piety under Kikubaaqudgha
 10281 | D:7      | Reached skill level 10 in Necromancy
 11604 | D:8      | Reached skill level 10 in Spellcasting
 11850 | D:9      | Reached *** piety under Kikubaaqudgha
 11850 | D:9      | Received a gift from Kikubaaqudgha
 11989 | D:9      | Found a snail-covered altar of Cheibriados.
 12014 | D:9      | Reached skill level 5 in Evocations
 12131 | D:9      | Found a staircase to the Lair.
 12272 | D:9      | Mangled by a warg

Illustrated notes

Levels and vault maps discovered:
D:1:      minmay_arrival_widening_spiral_narrow, layout_basic, st_stairs_10,
          chequers_big_river
D:2:      layout_basic, kennysheep_boxes, uniq_crazy_yiuf_cottage
D:3:      layout_rooms, nicolae_overflow_two_pavilions,
          hellmonk_ecumenical_altar_lost_god, serial_shops,
          nicolae_shop_hallway_plus
D:4:      minmay_bubble_buster, layout_basic, tgw_fedhas,
          nicolae_elyvilon_peaceful_grove, minmay_temple_entry_glassed_door,
          minmay_misc_feat_roman
D:5:      layout_loops_ring, regret_index_kikubaaqudgha_part_by_part,
          dancing_weapons_uskayaw, kennysheep_flooded_box, uniq_ijyb,
          uniq_eustachio
D:6:      layout_rooms, trog_hazing_becter, vehumet_altar_wand_db, uniq_pikel,
          uniq_duvessa
D:7:      layout_basic, mainiacjoe_overflow_catwalk, serial_shops, shop_statue,
          doesnt_shop_hydraphobe
D:8:      layout_rooms, eino_jars
D:9:      layout_cave_pods, minitemple, lemuel_tele_altar,
          mainiacjoe_overflow_alcove_2, erik_lair_orcish_takeover,
          enter_bailey_3, nicolae_concentric_dashed_squares_mild,
          chequers_decorated_corner
Temple:   hellmonk_temple_divided_pantheon

Skill      XL: |  1  2  3  4  5  6  7  8  9 10 |
---------------+-------------------------------+-----
Spellcasting   | 3 4 5 6 8 9 10 | 10.2
Necromancy     | 5 6 7 8 9 10 | 10.6
Evocations     | 2 3 5 |  5.0
Fighting       | 1 3 |  3.8
Dodging        | |  1.6
Stealth        | |  2.4

Action                     |  1- 3 |  4- 6 |  7- 9 | 10-12 || total
---------------------------+-------+-------+-------+-------++-------
  Melee: Unarmed           |    20 |    20 |   283 |    34 ||   357
         Bite              |     7 |     7 |    94 |    12 ||   120
         Punch             |       |       |     6 |     2 ||     8
   Cast: Necrotise         |    58 |   126 |   115 |   112 ||   411
         Vampiric Draining |       |    12 |    60 |    35 ||   107
         Animate Dead      |       |       |       |     5 ||     5
         Cigotuvi's Dreadf |       |       |       |     5 ||     5
  Evoke: Wand              |       |       |     4 |     2 ||     6
    Use: Scroll            |       |       |     7 |     4 ||    11
   Stab: Invisible         |       |       |     2 |       ||     2
         Sleeping          |       |       |     1 |       ||     1
 Armour: Robe              |    24 |    33 |   254 |   134 ||   445
  Dodge: Dodged            |    33 |    41 |   217 |   146 ||   437
